 Dungeon Crawl Stone Soup version 0.27-a0-1322-gfdffb62a71 (webtiles) character file.

Game seed: 15482064812788523162

150 bilbop the Caller (level 5, -1/30 HPs)
             Began as a Kobold Summoner on June 21, 2021.
             Slain by a scorpion (4 damage)
             ... on level 4 of the Dungeon on June 23, 2021.
             The game lasted 00:24:56 (5509 turns).

bilbop the Caller (Kobold Summoner)                 Turns: 5509, Time: 00:24:56

Health: -1/30      AC:  4    Str:  5    XL:     5   Next: 58%
Magic:  1/9        EV: 16    Int: 16    God:
Gold:   83         SH:  0    Dex: 17    Spells: 7/10 levels left

rFire    + . .     SeeInvis .   a - +1 dagger (vamp)
rCold    + . .     Faith    .   (shield restricted)
rNeg     . . .     Spirit   .   o - +1 robe {rC+ rF+}
rPois    .         Reflect  .   k - +0 helmet
rElec    .         Harm     .   (no cloak)
rCorr    .         Rampage  .   (no gloves)
Will     .....                  (no boots)
Stlth    ++++......             (no amulet)
HPRegen  0.10/turn              r - ring of flight
MPRegen  0.11/turn              (no ring)

@: flying
A: small, no large weapons, nightstalker 3
a: no special abilities


You were on level 4 of the Dungeon.
You visited 1 branch of the dungeon, and saw 4 of its levels.

You collected 83 gold pieces.

Inventory:

Hand Weapons
 a - a +1 vampiric dagger (weapon)
 i - a +0 dagger
Armour
 c - a +0 robe
 f - a +0 kite shield
 k - a +0 helmet (worn)
 o - a +1 robe of resistance (worn)
Jewellery
 m - an amulet of guardian spirit
 r - a ring of flight (left hand)
Scrolls
 d - a scroll of enchant weapon {unknown}
 e - a scroll of acquirement {unknown}
 g - a scroll of noise {unknown}
 j - a scroll of teleportation {unknown}
 n - a scroll of identify {unknown}
 p - a scroll of magic mapping {unknown}
 q - a scroll of fear {unknown}
Potions
 b - a potion of curing {unknown}
 h - 2 potions of haste {unknown}
 l - a potion of heal wounds {unknown}


   Skills:
 + Level 2.0 Fighting
 + Level 2.1 Short Blades
 + Level 3.4 Dodging
 + Level 3.9 Stealth
 + Level 3.0 Spellcasting
 + Level 4.4 Summonings


You had 7 spell levels left.
You knew the following spells:

 Your Spells              Type           Power      Damage    Failure   Level
a - Summon Small Mammal   Summ           64%        N/A       3%          1
b - Call Imp              Summ           16%        N/A       4%          2

Your spell library contained the following spells:

 Spells                   Type           Power      Damage    Failure   Level
 Call Canine Familiar     Summ           16%        N/A       9%          3
 Magic Dart               Conj           8%         1d3       19%         1
 Sandblast                Erth           4%         2d4       19%         1
 Summon Guardian Golem    Hex/Summ       9%         N/A       22%         3
 Blink                    Tloc           N/A        N/A       28%         2
 Passwall                 Tmut/Erth      1%         N/A       28%         2
 Slow                     Hex            2%         N/A       28%         2
 Conjure Flame            Conj/Fire      2%         6-21      50%         3
 Mephitic Cloud           Conj/Pois/Air  2%         N/A       50%         3
 Stone Arrow              Conj/Erth      4%         3d7       50%         3
 Summon Ice Beast         Ice/Summ       9%         N/A       58%         4
 Summon Lightning Spire   Summ/Air       9%         N/A       58%         4
 Petrify                  Tmut/Erth      2%         N/A       88%         4
 Lee's Rapid Deconstruct  Erth           1%         3d5*      99%         5


Dungeon Overview and Level Annotations

Branches:
Dungeon (4/15)
 Temple: D:4-7

Altars:

Annotations:
D:4 Pikel


Innate Abilities, Weirdness & Mutations

You are small and have problems with some larger weapons.
You are completely attuned to the shadows.


Message History

Your white imp misses the scorpion.
Casting: Summon Small Mammal (safe; 3% risk of failure)
Confirm with . or Enter, or press ? or * to list all spells.
Something closely misses your white imp.
The scorpion stings your rat!
Your rat dies!
Your rat's corpse disappears in a puff of smoke!
Your white imp barely misses the scorpion.
Your rat bites the scorpion but does no damage.
Casting: Summon Small Mammal (safe; 3% risk of failure)
Confirm with . or Enter, or press ? or * to list all spells.
A beastly little devil appears in a puff of frigid air.
Your white imp says, "Let's sow havoc!"
Something hits your white imp! Something burns your white imp.
Your white imp dies!
Your rat bites the scorpion.
Your white imp barely misses the scorpion.
Casting: Call Imp (safe; 4% risk of failure)
Confirm with . or Enter, or press ? or * to list all spells.
The scorpion barely misses you.
Your rat bites the scorpion.
Your white imp hits the scorpion but does no damage.
You hit the scorpion but do no damage.
The scorpion is lightly wounded.
The scorpion closely misses you.
Your quokka barely misses the scorpion.
Your rat bites the scorpion but does no damage.
You barely miss the scorpion.
The scorpion is lightly wounded.
Your white imp misses the scorpion.
The scorpion misses you.
Your quokka bites the scorpion.
You closely miss the scorpion.
The scorpion is moderately wounded.
The scorpion stings you.
* * * LOW HITPOINT WARNING * * *
Your rat bites the scorpion but does no damage.
Your white imp barely misses the scorpion.
Your quokka bites the scorpion but does no damage.
You closely miss the scorpion.
The scorpion is moderately wounded.
The scorpion stings you.
You die...

..... ... #.(.# #.#
#..... #..5# #.#
#.....# ##...####.##
#...#.#
.........r.####...#.#
####..###.rs@....<.#.#
......# #.5..........#
#####.# ########.#####
#.##########.#
#....)).).)..#
##############


You could see a scorpion (ally target), a friendly white imp (summoned), a
friendly quokka (summoned) and a friendly rat (summoned).

Vanquished Creatures
  An orc priest (D:4)
  2 adders (D:2)
  5 dart slugs (D:1)
  An orc (D:2)
  7 ball pythons
  2 endoplasms (D:2)
  A giant cockroach (D:2)
  4 goblins
  6 hobgoblins
  3 jackals (D:2)
  3 kobolds
  A quokka (D:3)
  A bat (D:3)
  2 rats (D:1)
39 creatures vanquished.

Vanquished Creatures (collateral kills)
  A bullfrog skeleton (D:3)
  Robin (D:2)
  An adder (D:2)
  A worm (D:4)
  3 orcs (D:4)
  4 bats
  An endoplasm (D:1)
  A giant cockroach (D:2)
  15 goblins
  3 hobgoblins
  A jackal (D:2)
  4 ball pythons
  2 frilled lizards
  4 kobolds
  2 rats
44 creatures vanquished.

Grand Total: 83 creatures vanquished

Notes
Turn   | Place    | Note
-------+----------+-------------------------------------------
     0 | D:1      | bilbop the Kobold Summoner began the quest for the Orb.
     0 | D:1      | Reached XP level 1. HP: 10/10 MP: 3/3
   227 | D:1      | Upgraded the game from 0.27-a0-1319-geec4fb4e21 to
                  | 0.27-a0-1322-gfdffb62a71
   474 | D:1      | Reached XP level 2. HP: 11/16 MP: 0/5
   842 | D:1      | Reached XP level 3. HP: 20/20 MP: 6/6
  1234 | D:1      | Found a faded altar of an unknown god.
  1508 | D:1      | Reached skill level 1 in Fighting
  1992 | D:2      | Reached skill level 1 in Short Blades
  2718 | D:2      | Reached XP level 4. HP: 25/25 MP: 5/7
  2901 | D:2      | Noticed Robin
  2906 | D:2      | Killed Robin
  4515 | D:3      | Reached XP level 5. HP: 30/30 MP: 9/9
  4738 | D:3      | Learned a level 2 spell: Call Imp
  5480 | D:4      | Noticed Pikel
  5509 | D:4      | Slain by a scorpion

Illustrated notes

Levels and vault maps discovered:
D:1:      minmay_arrival_diagonal_passages, layout_basic,
          chequers_ecumenical_altar_grove
D:2:      layout_rooms, serial_co_window_serial, co_window_of_opportunity_a,
          co_window_paths_a, co_window_paths_b, co_window_corner_a,
          co_window_paths_a, co_window_broadway_a, co_window_broadway_a,
          co_window_unsneaky_path_a, co_window_paths_d, co_window_sun,
          glass_columns_c, uniq_robin
D:3:      layout_loops_corners
D:4:      layout_loops_ring, kennysheep_little_box,
          chequers_serial_rivers_large_b, amcnicky_altar_lugonu_corruption,
          uniq_pikel, uniq_blork_the_orc

Skill      XL: |  1  2  3  4  5 |
---------------+----------------+-----
Stealth        | 3 |  3.9
Fighting       | 1 2 |  2.0
Short Blades   | 1 2 |  2.1
Dodging        | 3 |  3.4
Spellcasting   | 3 |  3.0
Summonings     | |  4.4

Action                   |  1- 3 |  4- 6 || total
-------------------------+-------+-------++-------
Melee: Dagger            |    81 |    84 ||   165
 Cast: Summon Small Mamm |    46 |    40 ||    86
       Call Imp          |       |    12 ||    12
 Stab: Sleeping          |    13 |    16 ||    29
       Distracted        |       |     1 ||     1
Armor: Robe              |     8 |    11 ||    19
Dodge: Dodged            |    66 |    83 ||   149

Table legend: (Time is in decaauts)
 A = Elapsed time spent in this place.
 B = Non-inter-level travel time spent in this place.
 C = Inter-level travel time spent in this place.
 D = Time resting spent in this place.
 E = Time spent auto-exploring this place.
 F = Levels seen in this place.
 G = Mean time per level.
                   A        B        C        D        E       F      G
               +--------+--------+--------+--------+--------+-----+--------+
         Total |   5498 |   5369 |    129 |   1141 |   3444 |   4 | 1374.5 |
       Dungeon |   5498 |   5369 |    129 |   1141 |   3444 |   4 | 1374.5 |
               +--------+--------+--------+--------+--------+-----+--------+

Top non-repeatable levels by time:
     D:1: 2352 daAuts
     D:2: 1982 daAuts
     D:3: 997 daAuts
     D:4: 166 daAuts
